 Dungeon Crawl Stone Soup version 0.29.1-12-g30fa7ad0bf (webtiles) character file.

Game seed: 16913021122933382079

3444 Peloso the Carver (level 9, 0/79 HPs)
             Began as a Minotaur Fighter on Dec 30, 2022.
             Was a Believer of Okawaru.
             Succumbed to Grum's poison
             ... on level 8 of the Dungeon.
             The game lasted 00:13:56 (8849 turns).

Peloso the Carver (Minotaur Fighter)                Turns: 8849, Time: 00:13:56

Health: 0/79       AC: 21    Str: 22    XL:     9   Next: 77%
Magic:  8/8        EV:  4    Int:  5    God:    Okawaru [**....]
Gold:   449        SH:  6    Dex: 19    Spells: 8/8 levels left

rFire   . . .      SeeInvis .   a - +0 long sword
rCold   . . .      Faith    .   d - +0 buckler
rNeg    . . .      Spirit   .   o - +0 crystal plate armour
rPois   .          Reflect  .   (helmet restricted)
rElec   .          Harm     .   (no cloak)
rCorr   .          Rampage  .   D - +0 pair of gloves
Will    .....                   (no boots)
Stlth   ..........              (no amulet)
HPRegen 0.23/turn               x - +6 ring of dexterity
MPRegen 0.11/turn               (no ring)

@: lethally poisoned (0 -> -21)
A: horns 2, retaliatory headbutt
a: Renounce Religion, Heroism


You were on level 8 of the Dungeon.
You worshipped Okawaru.
Okawaru was pleased with you.
You visited 2 branches of the dungeon, and saw 9 of its levels.
You also visited: Sewer.

You collected 449 gold pieces.

Inventory:

Hand Weapons
 a - a +0 long sword (weapon)
 b - a +1 dagger of flaming
 c - a +0 long sword
Armour
 d - a +0 buckler (worn)
 l - a +0 plate armour
 o - a +0 crystal plate armour (worn)
 D - a +0 pair of gloves (worn)
Jewellery
 h - an amulet of magic regeneration
 x - a +6 ring of dexterity (left hand)
 y - a +6 ring of intelligence
 z - a ring of magical power
 I - a ring of positive energy
 J - an amulet of guardian spirit
Wands
 m - a wand of acid (17)
Scrolls
 e - a scroll of blinking
 f - a scroll of fear {unknown}
 j - 2 scrolls of amnesia {unknown}
 k - 2 scrolls of teleportation {unknown}
 n - a scroll of butterflies {unknown}
 p - 2 scrolls of immolation
 s - 2 scrolls of noise
 t - a scroll of summoning {unknown}
 v - a scroll of enchant weapon {unknown}
 w - a scroll of poison {unknown}
 A - a scroll of enchant armour {unknown}
 C - 2 scrolls of magic mapping {unknown}
 G - a scroll of acquirement {unknown}
 H - a scroll of identify
Potions
 g - 6 potions of flight
 i - a potion of might
 q - a potion of heal wounds
 r - 3 potions of magic
 u - 5 potions of curing
 B - 2 potions of brilliance
 E - a potion of resistance {unknown}
 F - a potion of ambrosia


   Skills:
 + Level 7.5 Fighting
 + Level 11.2 Long Blades
 + Level 9.7 Armour
 + Level 1.5 Dodging
 + Level 0.1 Stealth
 + Level 6.6 Shields


You had 8 spell levels left.
You didn't know any spells.
Your spell library contained the following spells:

 Spells                   Type           Power      Damage    Failure   Level
 Apportation              Tloc           0%         N/A       100%        1
 Necrotise                Necr           0%         1d4       100%        1
 Gell's Gravitas          Tloc           0%         N/A       100%        3
 Ignite Poison            Fire/Tmut/Pois 0%         N/A       100%        3
 Lesser Beckoning         Tloc           0%         N/A       100%        3
 Mephitic Cloud           Conj/Pois/Air  0%         N/A       100%        3
 Teleport Other           Tloc           0%         N/A       100%        3
 Freezing Cloud           Conj/Ice/Air   0%         6-21      100%        5
 Summon Small Mammal      Summ           Unusable   N/A       N/A         1

Dungeon Overview and Level Annotations

Branches:
Dungeon (8/15)             Temple (1/1) D:4           Sewer (visited)
   Lair: D:8-11

Altars:
Ashenzari
Cheibriados
Dithmenos
Elyvilon
Fedhas
Gozag
Hepliaklqana
Kikubaaqudgha
Makhleb
Nemelex Xobeh
Okawaru
Qazlal
Ru
Sif Muna
Trog
Uskayaw
Vehumet
Wu Jian
Xom
Yredelemnul
Zin
The Shining One

Shops:
D:1 (

Annotations:
D:8 Grum


Innate Abilities, Weirdness & Mutations

You have a pair of horns on your head.
You reflexively headbutt those who attack you in melee.


Message History

You feel very sick. The wolf barely misses you.
Grum hits you with a +1 spear of venom!
You are more poisoned.
You slash Grum!
Grum is heavily wounded.
You feel very sick. You block the wolf's attack.
Grum hits you but does no damage.
You are lethally poisoned!
The wolf bites you.
* * * LOW HITPOINT WARNING * * *
You feel better. The wolf bites you but does no damage.
You block Grum's attack. The wolf bites you but does no damage.
You hit Grum.
Grum is heavily wounded.
Grum hits you with a +1 spear of venom.
You are poisoned.
The wolf bites you but does no damage.
You hit Grum.
Grum is heavily wounded.
You feel very sick. The wolf bites you but does no damage.
Grum hits you but does no damage.
You are more poisoned.
The wolf barely misses you. You furiously retaliate!
You headbutt the wolf, but do no damage.
You barely miss Grum.
Grum is heavily wounded.
You feel very sick. The wolf bites you but does no damage.
Grum hits you but does no damage.
You are lethally poisoned!
Unknown command.
You hit Grum.
Grum is severely wounded.
* * * LOW HITPOINT WARNING * * *
You feel very sick. You block the wolf's attack.
Grum hits you with a +1 spear of venom!
* * * LOW HITPOINT WARNING * * *
You block the wolf's attack.
You hit Grum.
Grum is severely wounded.
You die...

#.## ...# ....
#..# #..# #..#
#g.# # #@h#
#.##..####..
###.."........
#...##.#######
##......######
#.....<........
#.#.###########
# #


You could see Grum and a wolf.

Vanquished Creatures
  Grinder (D:3)
  Sigmund (D:2)
  6 yaks (D:7)
  A water moccasin (D:6)
  A black bear (D:4)
  A sky beast (D:5)
  An ice beast (D:7)
  An ogre (D:7)
  2 centaurs (D:7)
  A wolf (D:8)
  2 phantoms
  A bullfrog (D:7)
  Blork the orc (D:4)
  4 wights (D:7)
  3 howler monkeys (D:7)
  7 orc priests
  A gnoll bouda (D:6)
  2 jellies
  3 iguanas
  Ijyb (D:3)
  7 orc wizards
  10 adders
  5 gnolls (D:6)
  3 river rats (Sewer)
  A shadow imp (D:7)
  3 white imps
  An ufetubus (D:6)
  2 worms
  2 dart slugs
  24 orcs
  7 endoplasms
  8 giant cockroaches
  9 goblins
  6 hobgoblins
  3 jackals (Sewer)
  9 kobolds
  8 quokkas
  7 ball pythons
  10 bats
  6 frilled lizards
  7 rats
179 creatures vanquished.

Vanquished Creatures (others)
  3 fungi (D:6)
3 creatures vanquished.

Grand Total: 182 creatures vanquished

Notes
Turn   | Place    | Note
-------+----------+-------------------------------------------
     0 | D:1      | Peloso the Minotaur Fighter began the quest for the Orb.
     0 | D:1      | Reached XP level 1. HP: 19/19 MP: 0/0
   200 | D:1      | Reached XP level 2. HP: 10/27 MP: 1/1
   715 | D:1      | Found Derphemi's Antique Weapon Emporium.
  1073 | D:2      | Reached skill level 3 in Long Blades
  1073 | D:2      | Reached XP level 3. HP: 29/33 MP: 2/2
  1529 | D:2      | Noticed Sigmund
  1594 | D:2      | Killed Sigmund
  1595 | D:2      | Reached skill level 4 in Long Blades
  1595 | D:2      | Reached skill level 5 in Armour
  1595 | D:2      | Reached skill level 1 in Dodging
  1595 | D:2      | Reached XP level 4. HP: 15/40 MP: 3/3
  1595 | D:2      | Reached XP level 5. HP: 18/46 MP: 4/4
  2221 | D:3      | Noticed Grinder
  2244 | D:3      | Killed Grinder
  2245 | D:3      | Reached skill level 6 in Long Blades
  2245 | D:3      | Reached XP level 6. HP: 36/53 MP: 5/5
  2265 | D:3      | Found a faded altar of an unknown god.
  2358 | D:3      | Reached skill level 5 in Shields
  2387 | D:3      | Found a glowing drain.
  2401 | Sewer    | Entered a sewer
  2609 | Sewer    | Reached XP level 7. HP: 46/60 MP: 6/6
  3894 | D:4      | Noticed Blork the orc
  3907 | D:4      | Killed Blork the orc
  3908 | D:4      | Noticed Ijyb
  4171 | D:3      | Killed Ijyb
  4429 | D:4      | Reached skill level 5 in Fighting
  4429 | D:4      | Reached skill level 7 in Long Blades
  4650 | D:4      | Found a stormy altar of Qazlal.
  4660 | D:4      | Found an ornate altar of the Wu Jian Council.
  4792 | D:4      | Found a staircase to the Ecumenical Temple.
  4804 | Temple   | Entered the Ecumenical Temple
  4804 | Temple   | Found a transporter.
  4804 | Temple   | Found a transporter.
  4806 | Temple   | Found a transporter.
  4806 | Temple   | Found a transporter.
  5000 | D:5      | Entered Level 5 of the Dungeon
  5058 | D:5      | Reached XP level 8. HP: 53/69 MP: 7/7
  6115 | D:6      | Reached skill level 8 in Long Blades
  7019 | D:6      | Reached skill level 9 in Long Blades
  7122 | D:6      | Found an iron altar of Okawaru.
  7134 | D:6      | Became a worshipper of Warmaster Okawaru
  7911 | D:7      | Reached XP level 9. HP: 66/78 MP: 8/8
  7915 | D:7      | Reached * piety under Okawaru
  7922 | D:7      | Reached skill level 10 in Long Blades
  8270 | D:7      | Reached ** piety under Okawaru
  8318 | D:7      | Reached skill level 11 in Long Blades
  8830 | D:8      | Noticed Grum
  8848 | D:8      | HP: 3/79 [Grum/+1 spear of venom (14)]
  8849 | D:8      | Succumbed to Grum's poison

Illustrated notes

Levels and vault maps discovered:
D:1:      evilmike_arrival_plus, layout_basic, serial_shops, shop,
          serial_rivers, chequers_serial_rivers_small_b,
          chequers_serial_rivers_marsh, chequers_serial_rivers_large_a,
          chequers_serial_rivers_marsh
D:2:      layout_basic, grunt_decor_arrowhead, uniq_sigmund
D:3:      layout_rooms, ebering_ecumenical_altar_box,
          cheibrodos_sewer_entry_bend, dk_noncrumbling_3, minmay_quadrilaterals,
          uniq_grinder
D:4:      layout_basic, grunt_temple_overflow_open, minmay_temple_entry_fiery,
          uniq_ijyb, uniq_blork_the_orc
D:5:      layout_basic
D:6:      layout_basic, mainiacjoe_overflow_alcove_4
D:7:      layout_basic
D:8:      layout_loops_ring, lair_entry_dummy, uniq_grum
Temple:   hellmonk_temple_divided_pantheon

Skill      XL: |  1  2  3  4  5  6  7  8  9 |
---------------+----------------------------+-----
Shields        | 4 5 6 |  6.6
Armour         | 4 5 6 8 9 |  9.7
Long Blades    | 3 4 6 7 9 11 | 11.2
Fighting       | 4 5 6 7 |  7.5
Dodging        | 1 |  1.5
Stealth        | |  0.1

Action                   |  1- 3 |  4- 6 |  7- 9 || total
-------------------------+-------+-------+-------++-------
Melee: Long sword        |    85 |    97 |   428 ||   610
       Headbutt          |    12 |    15 |    95 ||   122
Invok: Heroism           |       |       |     1 ||     1
  Use: Scroll            |       |     1 |     7 ||     8
       Potion            |       |     3 |     1 ||     4
Armor: Scale mail        |    16 |       |       ||    16
       Plate armour      |    46 |     4 |       ||    50
       Crystal plate arm |       |   116 |   390 ||   506
       Skin              |       |    55 |       ||    55
Dodge: Dodged            |    41 |    18 |    38 ||    97
Block: Buckler           |    22 |    34 |   112 ||   168
